Map: Battle on the Boardwalk LE

Players

Juxtapose - Winner!

  • Race: Protoss Protoss
  • League: Platinum
  • Spawn Location: 1:00

Vato

  • Race: Protoss Protoss
  • League: Platinum
  • Spawn Location: 11:00

VOD

https://youtu.be/O_w_F5NvOH4

Description

A very short match, and I'm surprised at what my opponent decides to do.

Time

  • Played on: Jan. 16, 2018, 7:05 p.m.
  • Length: 4:08
Show
View Real Time Build Order
Export as new Build Order

Juxtapose Protoss - Winner!

Build Orders:  

Get SALT Encoding   

  12  0:01  Probe  
  13  0:13  Probe  
  14  0:21  Pylon  
  14  0:26  Pylon, Probe  
  15  0:38  Assimilator  
  15  0:44  Probe  
  16  0:55  Gateway  
  16  0:56  Probe  
  17  1:08  Probe  
  18  1:20  Probe, Assimilator  
  19  1:28  Pylon  
  19  1:32  Probe  
  20  1:44  Probe  
  20  1:45  Cybernetics Core  
  21  1:55  Zealot  
  21  1:56  Probe  
  24  2:08  Probe  
  24  2:13  Gateway  
  25  2:20  Probe  
  25  2:22  Pylon  
  26  2:25  Stalker (Chrono Boost)  
  28  2:49  Stargate  
  28  3:04  Shield Battery  
  28  3:09  Stalker  
  28  3:10  Stalker  
  32  3:30  Void Ray (Chrono Boost)  
  36  3:40  Pylon  
Show
View Real Time Build Order
Export as new Build Order

Vato Protoss 

Build Orders:  

Get SALT Encoding   

  12  0:01  Probe  
  13  0:13  Probe (Chrono Boost)  
  14  0:21  Pylon  
  14  0:23  Probe (Chrono Boost)  
  15  0:39  Probe  
  16  0:51  Probe  
  17  0:57  Gateway  
  17  0:58  Gateway  
  17  1:03  Probe  
  18  1:09  Assimilator  
  18  1:13  Assimilator  
  18  1:15  Probe  
  19  1:27  Probe (Chrono Boost)  
  20  1:38  Probe (Chrono Boost)  
  21  1:47  Cybernetics Core  
  21  1:54  Probe (Chrono Boost)  
  22  2:06  Probe (Chrono Boost)  
  23  2:22  Pylon  
  23  2:33  Nexus  
  23  2:35  Probe  
  23  2:41  Adept x2  
  27  2:47  Probe  
  27  2:48  Pylon  
  28  3:00  Probe  
  29  3:33  Stalker  
  29  3:34  Sentry  
  33  3:37  Shield Battery  
Tags
 
Add a new tag
Caveats
  • Supply blocks, unpowered buildings, or Contaminate may cause inaccurate times.
  • Supply counts are checked every 10 seconds.